 Dungeon Crawl Stone Soup version 0.30-a0-586-g23e55c9e0a (webtiles) character file.

Game seed: 11531928197528121906

42 wormed the Changer (level 3, -16/23 HPs)
             Began as an Octopode Transmuter on Jan 4, 2023.
             Demolished by an ogre
             ... wielding a +0 giant spiked club
              (39 damage)
             ... on level 2 of the Dungeon.
             The game lasted 00:01:36 (1546 turns).

wormed the Changer (Octopode Transmuter)            Turns: 1546, Time: 00:01:36

Health: -16/23     AC:  1    Str:  9    XL:     3   Next: 56%
Magic:  3/6        EV: 13    Int: 17    God:
Gold:   20         SH:  0    Dex: 12    Spells: 3/6 levels left

rFire   . . .      SeeInvis .      - Unarmed
rCold   . . .      Faith    .    (no shield)
rNeg    . . .      Spirit   .    (helmet currently unavailable)
rPois   .          Reflect  .    (no amulet)
rElec   .          Harm     .    (no ring)
rCorr   .          Rampage  .    (no ring)
Will    .....                    (no ring)
Stlth   ++                       (no ring)
HPRegen 0.23/turn                (no ring)
MPRegen 0.10/turn                (no ring)
                                 (no ring)
                                 (no ring)

@: appendages, wereblooded
A: tentacle spike 3, almost no armour, amphibious, 8 rings, camouflage 1,
gelatinous body 1, (nimble swimmer 1), tentacles
a: End Transformation


You were on level 2 of the Dungeon.
One of your tentacles had grown a beastly spike.
You visited 1 branch of the dungeon, and saw 2 of its levels.

You collected 20 gold pieces.

Inventory:

Scrolls
 a - a scroll of identify {unknown}
 b - a scroll of fear {unknown}
Potions
 c - a potion of degeneration {unknown}
 d - a potion of attraction {unknown}


   Skills:
 - Level 1.0 Fighting
 - Level 2.0 Dodging
 - Level 3.0 Unarmed Combat
 + Level 2.4 Spellcasting
 * Level 3.1 Transmutations
 + Level 1.2 Ice Magic


You had 3 spell levels left.
You knew the following spells:

 Your Spells              Type           Power      Damage    Failure   Level
a - Beastly Appendage     Tmut           24%        N/A       5%          1
b - Wereblood             Tmut           12%        N/A       8%          2

Your spell library contained the following spells:

 Spells                   Type           Power      Damage    Failure   Level
 Ensorcelled Hibernation  Hex/Ice        8%         N/A       22%         2
 Spider Form              Tmut/Pois      7%         N/A       30%         3
 Ice Form                 Ice/Tmut       9%         N/A       58%         4
 Anguish                  Hex/Necr       1%         N/A       88%         4


Dungeon Overview and Level Annotations

Branches:
Dungeon (2/15)

Altars:


Innate Abilities, Weirdness & Mutations

One of your tentacles has grown a beastly spike.
You cannot wear most types of armour.
You are amphibious.
You can wear up to eight rings at the same time.
Your skin changes colour to match your surroundings (Stealth+).
Your rubbery body absorbs attacks. (AC +1, EV +1)
((You are camouflaged when in or above water. (Stealth+)))
You have tentacles for arms and can constrict up to eight enemies at once.


Message History

You howl as the wereblood boils in your veins!
Your primal bloodlust is almost over.
Your tentacle spike disappears.
Your primal bloodlust has ended.
Things that are here:
a +0 dagger; a kobold corpse
Found a pair of gloves.
d - a sapphire potion You see here a bat skeleton.
You see here a bat skeleton.
You enter the deep water.
Key pressed, stopping explore.
Done exploring.
Done exploring.
Done exploring.
Done exploring.
Search for what [? for help]?
Okay, then.
Search for what [? for help]?
Okay, then.
Search for what [? for help]? .
There is a stone staircase leading down here.
You climb downwards.
Found a glowing coppery potion.
Found a stone staircase leading down.
There is a stone staircase leading up here.
An ogre comes into view. It is wielding a +0 giant spiked club.
An ogre is nearby!
An ogre is nearby!
An ogre is nearby!
Casting: Wereblood (safe; 8% risk of failure)
Confirm with . or Enter, or press ? or * to list all spells.
One of your tentacles grows a vicious spike.
The ogre shouts!
Casting: Beastly Appendage (safe; 5% risk of failure)
Confirm with . or Enter, or press ? or * to list all spells.
Your blood is infused with primal strength.
There is a stone staircase leading down here.
The ogre hits you with a +0 giant spiked club!!!
Ouch! That really hurt!
You die...

#######
#.....#
#.....###
#.......
#...!#
#.@..+
####..O.#
#....<#.#
#.....#.#
#.....#.#
#.....#.#
#.....+.#
#.....###
#.....+


You could see an ogre.

Vanquished Creatures
  2 dart slugs (D:1)
  4 endoplasms (D:1)
  A giant cockroach (D:1)
  4 goblins (D:1)
  4 hobgoblins (D:1)
  3 jackals (D:1)
  3 ball pythons (D:1)
  7 bats (D:1)
  2 frilled lizards (D:1)
  3 kobolds (D:1)
  2 rats (D:1)
35 creatures vanquished.

Notes
Turn   | Place    | Note
-------+----------+-------------------------------------------
     0 | D:1      | wormed the Octopode Transmuter began the quest for the Orb.
     0 | D:1      | Reached XP level 1. HP: 13/13 MP: 3/3
    90 | D:1      | Reached XP level 2. HP: 5/18 MP: 5/5
   377 | D:1      | Learned a level 2 spell: Wereblood
   701 | D:1      | Reached skill level 1 in Ice Magic
   701 | D:1      | Reached XP level 3. HP: 23/23 MP: 2/6
  1540 | D:2      | Noticed an ogre
  1546 | D:2      | Demolished by an ogre

Illustrated notes

Levels and vault maps discovered:
D:1:      lemuel_arrival_river_ford, layout_basic
D:2:      layout_basic, serial_shops, shop, wad_orctagon

Skill      XL: |  1  2  3 |
---------------+----------+-----
Ice Magic      | 1 |  1.2
Transmutations | 3 |  3.1
Fighting       | |  1.0
Dodging        | |  2.0
Unarmed Combat | |  3.0
Spellcasting   | |  2.4

Action                   || total
-------------------------++-------
Melee: Unarmed           ||    70
       Constrict         ||    19
       Kick              ||    11
       Tentacles         ||    14
       Punch             ||     3
 Cast: Beastly Appendage ||    15
       Wereblood         ||    14
  Use: Potion            ||     1
 Stab: Sleeping          ||     8
Armor: Skin              ||     9
Dodge: Dodged            ||    38

Table legend: (Time is in decaauts)
 A = Elapsed time spent in this place.
 B = Non-inter-level travel time spent in this place.
 C = Inter-level travel time spent in this place.
 D = Time resting spent in this place.
 E = Time spent auto-exploring this place.
 F = Levels seen in this place.
 G = Mean time per level.
                   A        B        C        D        E       F      G
               +--------+--------+--------+--------+--------+-----+--------+
         Total |   1542 |   1539 |      3 |    281 |   1029 |   2 |  771.0 |
       Dungeon |   1542 |   1539 |      3 |    281 |   1029 |   2 |  771.0 |
               +--------+--------+--------+--------+--------+-----+--------+

Top non-repeatable levels by time:
     D:1: 1534 daAuts
     D:2: 7 daAuts
